APP
WASHINGTON (APP) NATIONALS @ JOHNSON CITY CARDINALS
05/13/2044
 
TOP OF THE 1ST
Washington (APP) Nationals batting - Pitching for Johnson City Cardinals : LHP Danny Rivera
Pitching: LHP Danny Rivera
Batting: RHB John Savard 0-0: Foul Ball, location: 2F
0-1: Ball
1-1: Called Strike
1-2: Foul Ball, location: 2F
1-2: Strikes out swinging
Batting: RHB Steve Bauman 0-0: Ball
1-0: Ball
2-0: Called Strike
2-1: Foul Ball, location: 2F
2-2: SINGLE (Groundball, 4D, EV 103.8 MPH)
Batting: RHB Jared Speck 0-0: Ball
1-0: Swinging Strike
1-1: Grounds into double play, 5-4-3 (Groundball, 56, EV 80.6 MPH)
Top of the 1st over - 0 runs, 1 hit, 0 errors, 0 left on base; Washington (APP) 0 - Johnson City 0
BOTTOM OF THE 1ST
Johnson City Cardinals batting - Pitching for Washington (APP) Nationals : RHP Josh Jenkins
Pitching: RHP Josh Jenkins
Batting: SHB Hank Arias 0-0: Ball
1-0: Foul Ball, location: 2F
1-1: Ball
2-1: SINGLE (Flyball, 78S, EV 100.0 MPH)
Batting: RHB Josh Broome 0-0: Foul Ball, location: 2F
0-1: Swinging Strike
0-2: Ball
1-2: Ball
2-2: Ball
3-2: Strikes out swinging
Batting: RHB Mike Zimmerly 0-0: Called Strike
Hank Arias is caught stealing 2nd base 2-4
0-1: Foul Ball, location: 2F
0-2: Foul Ball, location: 2F
0-2: Foul Ball, location: 2F
0-2: Foul Ball, location: 2F
0-2: Ball
1-2: Ball
2-2: SINGLE (Line Drive, 4M, EV 98.1 MPH)
Batting: RHB Chris Norris 0-0: Called Strike
0-1: Ball
1-1: Called Strike
1-2: Fly out, F7 (Flyball, 7D, EV 84.4 MPH)
Bottom of the 1st over - 0 runs, 2 hits, 0 errors, 1 left on base; Washington (APP) 0 - Johnson City 0
TOP OF THE 2ND
Washington (APP) Nationals batting - Pitching for Johnson City Cardinals : LHP Danny Rivera
Batting: RHB Nick Moreno 0-0: Foul Ball, location: 2F
0-1: Ball
1-1: Ball
2-1: Foul Ball, location: 2F
2-2: Foul Ball, location: 2F
2-2: Strikes out swinging
Batting: RHB Kevin Whitenack 0-0: Ball
1-0: Ball
2-0: Ball
3-0: Called Strike
3-1: Foul Ball, location: 2F
3-2: Base on Balls
Batting: RHB Jon Buscher 0-0: Foul Ball, location: 2F
0-1: Ball
1-1: Called Strike
1-2: Strikes out swinging
Batting: RHB Naofumi Ishida 0-0: Ball
Passed Ball!
Kevin Whitenack to second
1-0: DOUBLE (Flyball, 8LXD, EV 113.1 MPH)
Kevin Whitenack scores
Batting: RHB Derek Moran 0-0: Ball
1-0: TRIPLE (Flyball, 9LD, EV 90.6 MPH)
Naofumi Ishida scores
Batting: RHB Brian Walker 0-0: Ball
1-0: DOUBLE (Flyball, 78XD, EV 99.4 MPH)
Derek Moran scores
Batting: RHB John Savard 0-0: Ball
1-0: Ground out 5-3 (Groundball, 5S, EV 70.6 MPH)
Top of the 2nd over - 3 runs, 3 hits, 0 errors, 1 left on base; Washington (APP) 3 - Johnson City 0
BOTTOM OF THE 2ND
Johnson City Cardinals batting - Pitching for Washington (APP) Nationals : RHP Josh Jenkins
Batting: RHB Immel Kamuzu 0-0: Ball
1-0: Called Strike
1-1: Foul Ball, location: 2F
1-2: Foul Ball, location: 2F
1-2: Strikes out swinging
Batting: RHB Vic Nelson 0-0: Called Strike
0-1: Ball
1-1: Fly out, F9 (Flyball, 89S, EV 81.3 MPH)
Batting: RHB Chris Jones 0-0: Ball
1-0: Ball
2-0: Ball
3-0: Called Strike
3-1: Base on Balls
Batting: RHB Herbert Loveless 0-0: Foul Ball, location: 2F
0-1: Ground out 4-3 (Groundball, 34D, EV 80.0 MPH)
Bottom of the 2nd over - 0 runs, 0 hits, 0 errors, 1 left on base; Washington (APP) 3 - Johnson City 0
TOP OF THE 3RD
Washington (APP) Nationals batting - Pitching for Johnson City Cardinals : LHP Danny Rivera
Batting: RHB Steve Bauman 0-0: Called Strike
0-1: Called Strike
0-2: Ball
1-2: Ball
2-2: Ground out U3 (Groundball, 34, EV 88.1 MPH)
Batting: RHB Jared Speck 0-0: Called Strike
0-1: Ball
1-1: Ball
2-1: Ball
3-1: Base on Balls
Batting: RHB Nick Moreno 0-0: Called Strike
0-1: Ball
1-1: Ball
2-1: Called Strike
2-2: Foul Ball, location: 2F
2-2: Foul Ball, location: 2F
2-2: Foul Ball, location: 2F
2-2: Ball
Jared Speck steals 2nd base
3-2: Foul Ball, location: 2F
3-2: Ground out 5-3 (Groundball, 5S, EV 78.1 MPH)
Batting: RHB Kevin Whitenack 0-0: Ball
1-0: Ground out 6-3 (Groundball, 56, EV 87.5 MPH)
Top of the 3rd over - 0 runs, 0 hits, 0 errors, 1 left on base; Washington (APP) 3 - Johnson City 0
BOTTOM OF THE 3RD
Johnson City Cardinals batting - Pitching for Washington (APP) Nationals : RHP Josh Jenkins
Batting: RHB Richard Riggs 0-0: Called Strike
0-1: Ground out 4-3 (Groundball, 4, EV 79.4 MPH)
Batting: SHB Hank Arias 0-0: Ball
1-0: Ball
2-0: Ball
3-0: Called Strike
3-1: Base on Balls
Batting: RHB Josh Broome 0-0: Ball
1-0: Ball
2-0: Called Strike
2-1: Ball
Hank Arias steals 2nd base
3-1: Swinging Strike
3-2: DOUBLE (Line Drive, 9LM, EV 102.5 MPH)
Hank Arias scores
Batting: RHB Mike Zimmerly 0-0: Called Strike
0-1: Ground out 4-3 (Groundball, 4, EV 82.5 MPH)
Josh Broome to third
Batting: RHB Chris Norris 0-0: Called Strike
0-1: Ball
1-1: Ball
2-1: Foul Ball, location: 2F
2-2: Strikes out looking
Bottom of the 3rd over - 1 run, 1 hit, 0 errors, 1 left on base; Washington (APP) 3 - Johnson City 1
TOP OF THE 4TH
Washington (APP) Nationals batting - Pitching for Johnson City Cardinals : LHP Danny Rivera
Batting: RHB Jon Buscher 0-0: Ball
1-0: Foul Ball, location: 2F
1-1: Swinging Strike
1-2: Ball
2-2: Strikes out swinging
Batting: RHB Naofumi Ishida 0-0: Ball
1-0: Ball
2-0: Called Strike
2-1: Foul Ball, location: 2F
2-2: Ground out 4-3 (Groundball, 4M, EV 106.3 MPH)
Batting: RHB Derek Moran 0-0: Ball
1-0: Reached via error on a dropped throw from 1B, E1 (Groundball, 34S, EV 86.9 MPH)
Batting: RHB Brian Walker 0-0: Foul Ball, location: 2F
0-1: Ball
1-1: Ball
2-1: Ball
3-1: Fly out, F3 (Popup, 23, EV 86.9 MPH)
Top of the 4th over - 0 runs, 0 hits, 1 error, 1 left on base; Washington (APP) 3 - Johnson City 1
BOTTOM OF THE 4TH
Johnson City Cardinals batting - Pitching for Washington (APP) Nationals : RHP Josh Jenkins
Batting: RHB Immel Kamuzu 0-0: Ball
1-0: Called Strike
1-1: Fly out, F8 (Flyball, 8LD, EV 97.5 MPH)
Batting: RHB Vic Nelson 0-0: Ball
1-0: Ground out 6-3 (Groundball, 6, EV 98.1 MPH)
Batting: RHB Chris Jones 0-0: Ball
1-0: Ball
2-0: Foul Ball, location: 2F
2-1: Called Strike
2-2: Strikes out swinging
Bottom of the 4th over - 0 runs, 0 hits, 0 errors, 0 left on base; Washington (APP) 3 - Johnson City 1
TOP OF THE 5TH
Washington (APP) Nationals batting - Pitching for Johnson City Cardinals : LHP Danny Rivera
Pitching: RHP Joe Cornell
Batting: RHB John Savard 0-0: Ball
1-0: Swinging Strike
1-1: Ground out 6-3 (Groundball, 6, EV 101.9 MPH)
Batting: RHB Steve Bauman 0-0: Called Strike
0-1: Foul Ball, location: 2F
0-2: Ball
1-2: Strikes out looking
Batting: RHB Jared Speck 0-0: Ball
1-0: Ball
2-0: Ball
3-0: Base on Balls
Batting: RHB Nick Moreno 0-0: Called Strike
Jared Speck steals 2nd, throwing error, E2
Jared Speck to third
0-1: Ball
1-1: Foul Ball, location: 2F
1-2: Strikes out swinging
Top of the 5th over - 0 runs, 0 hits, 1 error, 1 left on base; Washington (APP) 3 - Johnson City 1
BOTTOM OF THE 5TH
Johnson City Cardinals batting - Pitching for Washington (APP) Nationals : RHP Josh Jenkins
Batting: RHB Herbert Loveless 0-0: Ball
1-0: Ball
2-0: Called Strike
2-1: Fly out, F2 (Popup, 25F, EV 76.3 MPH)
Batting: RHB Richard Riggs 0-0: Ground out 4-3 (Groundball, 4, EV 81.3 MPH)
Batting: SHB Hank Arias 0-0: Called Strike
0-1: Ground out 6-3 (Groundball, 6, EV 83.1 MPH)
Bottom of the 5th over - 0 runs, 0 hits, 0 errors, 0 left on base; Washington (APP) 3 - Johnson City 1
TOP OF THE 6TH
Washington (APP) Nationals batting - Pitching for Johnson City Cardinals : RHP Joe Cornell
Batting: RHB Kevin Whitenack 0-0: Called Strike
0-1: Called Strike
0-2: Ball
1-2: Ball
2-2: SINGLE (Groundball, 56D, EV 106.3 MPH)
Batting: RHB Jon Buscher 0-0: Called Strike
0-1: Fly out, F6 (Popup, 6MS, EV 63.1 MPH)
Batting: RHB Naofumi Ishida 0-0: Ball
1-0: SINGLE (Groundball, 6MD, EV 104.4 MPH)
Kevin Whitenack to second
Batting: RHB Derek Moran 0-0: Ball
1-0: Called Strike
Kevin Whitenack steals 3rd base
Naofumi Ishida to second
1-1: Intentional Walk
Batting: RHB Brian Walker 0-0: Ball
1-0: Ball
2-0: Fly out, F7 (Flyball, 7D, EV 94.4 MPH)
Runner from 3rd tags up, SCORES, no throw by LF
Naofumi Ishida to third
Batting: RHB John Savard 0-0: Ball
1-0: Foul Ball, location: 2F
1-1: Ball
2-1: Swinging Strike
2-2: Foul Ball, location: 2F
2-2: Ball
3-2: Strikes out swinging
Top of the 6th over - 1 run, 2 hits, 0 errors, 2 left on base; Washington (APP) 4 - Johnson City 1
BOTTOM OF THE 6TH
Johnson City Cardinals batting - Pitching for Washington (APP) Nationals : RHP Josh Jenkins
Batting: RHB Josh Broome 0-0: Ball
1-0: Called Strike
1-1: Called Strike
1-2: Foul Ball, location: 2F
1-2: Ball
2-2: Foul Ball, location: 2F
2-2: Ball
3-2: Base on Balls
Pitching: LHP Johnny Busse
Batting: RHB Mike Zimmerly 0-0: Ball
Josh Broome steals 2nd base (no throw)
1-0: Called Strike
1-1: Called Strike
1-2: Ball
2-2: Foul Ball, location: 2F
2-2: Ball
3-2: Foul Ball, location: 2F
3-2: Base on Balls
Batting: RHB Chris Norris 0-0: Called Strike
0-1: Grounds into double play, 3-6-3 (Groundball, 34S, EV 85.0 MPH)
Josh Broome to third
Batting: RHB Immel Kamuzu 0-0: Ball
1-0: Fly out, F3 (Flyball, 34D, EV 94.4 MPH)
Bottom of the 6th over - 0 runs, 0 hits, 0 errors, 1 left on base; Washington (APP) 4 - Johnson City 1
TOP OF THE 7TH
Washington (APP) Nationals batting - Pitching for Johnson City Cardinals : RHP Joe Cornell
Pitching: LHP Kevin Turner
Batting: RHB Steve Bauman 0-0: Ball
1-0: Ground out 5-3 (Groundball, 56S, EV 89.4 MPH)
Batting: RHB Jared Speck 0-0: Called Strike
0-1: SOLO HOME RUN (Flyball, 7D, EV 104.4 MPH), Distance : 394 ft
Batting: RHB Nick Moreno 0-0: Called Strike
0-1: Foul Ball, location: 2F
0-2: Ball
1-2: Strikes out looking
Batting: RHB Kevin Whitenack 0-0: Called Strike
0-1: Called Strike
0-2: Ball
1-2: Ball
2-2: Foul Ball, location: 2F
2-2: Foul Ball, location: 2F
2-2: Ball
3-2: Foul Ball, location: 2F
3-2: Ground out 5-3 (Groundball, 15, EV 80.0 MPH)
Top of the 7th over - 1 run, 1 hit, 0 errors, 0 left on base; Washington (APP) 5 - Johnson City 1
BOTTOM OF THE 7TH
Johnson City Cardinals batting - Pitching for Washington (APP) Nationals : LHP Johnny Busse
Batting: RHB Vic Nelson 0-0: Ground out 5-3 (Groundball, 56S, EV 91.3 MPH)
Batting: RHB Chris Jones 0-0: Ball
1-0: Swinging Strike
1-1: Ball
2-1: Foul Ball, location: 2F
2-2: SINGLE (Line Drive, 7LS, EV 96.3 MPH)
Batting: RHB Herbert Loveless 0-0: Ball
1-0: Foul Ball, location: 2F
1-1: Ball
2-1: Foul Ball, location: 2F
2-2: Foul Ball, location: 2F
2-2: SINGLE (Groundball, 56D, EV 105.0 MPH)
Chris Jones to second
Batting: RHB Richard Riggs 0-0: SINGLE (Groundball, 4MD, EV 104.4 MPH)
Chris Jones to third
Herbert Loveless to second
Runner from 3rd tries for Home, SAFE, throw by CF to home
Batting: SHB Hank Arias 0-0: Foul Ball, location: 2F
0-1: Foul Ball, location: 2F
0-2: Ball
1-2: Ball
2-2: Ball
3-2: Fly out, F8 (Flyball, 8RXD, EV 106.9 MPH)
Runner from 2nd tags up, SAFE at 3rd, no throw by CF
Batting: RHB Josh Broome 0-0: Ball
1-0: Ball
2-0: Ball
3-0: Base on Balls
Richard Riggs to second
Pitching: LHP Mike Montgomery
Batting: RHB Mike Zimmerly 0-0: Ball
1-0: SINGLE (Line Drive, 89S, EV 112.5 MPH)
Herbert Loveless scores
Richard Riggs to third
Josh Broome to second
Runner from 3rd tries for Home, SAFE, throw by RF to home
Batting: RHB Chris Norris 0-0: Ball
1-0: Ball
2-0: Called Strike
2-1: Swinging Strike
2-2: SINGLE (Groundball, 5S, EV 69.4 MPH) (infield hit)
Josh Broome to third
Mike Zimmerly to second
Batting: RHB Immel Kamuzu 0-0: Called Strike
0-1: Ball
1-1: Ball
2-1: Foul Ball, location: 2F
2-2: Reached via error on a dropped throw from SS, E4 (Groundball, 6, EV 81.9 MPH)
Josh Broome scores
Mike Zimmerly to third
Chris Norris to second
Batting: RHB Vic Nelson 0-0: Called Strike
0-1: Swinging Strike
0-2: Hit by Pitch
Mike Zimmerly scores
Chris Norris to third
Immel Kamuzu to second
Batting: RHB Chris Jones 0-0: Ball
1-0: Ball
Wild Pitch!
Chris Norris scores
Immel Kamuzu to third
Vic Nelson to second
2-0: Foul Ball, location: 2F
2-1: Foul Ball, location: 2F
2-2: Strikes out swinging
Bottom of the 7th over - 6 runs, 5 hits, 1 error, 2 left on base; Washington (APP) 5 - Johnson City 7
TOP OF THE 8TH
Washington (APP) Nationals batting - Pitching for Johnson City Cardinals : LHP Kevin Turner
Now in LF: Sebastian Fisk
Batting: RHB Jon Buscher 0-0: Ground out 6-3 (Groundball, 6, EV 106.9 MPH)
Batting: RHB Naofumi Ishida 0-0: Foul Ball, location: 2F
0-1: Ball
1-1: Foul Ball, location: 2F
1-2: SINGLE (Line Drive, 9S, EV 109.4 MPH)
Batting: RHB Derek Moran 0-0: Ball
1-0: Fielders Choice at 2nd, 6-4 (Groundball, 6, EV 94.4 MPH)
Batting: RHB Brian Walker 0-0: Called Strike
0-1: Ball
1-1: Ball
2-1: Called Strike
2-2: Ball
3-2: Foul Ball, location: 2F
3-2: Fly out, F5 (Popup, 56S, EV 75.6 MPH)
Top of the 8th over - 0 runs, 1 hit, 0 errors, 1 left on base; Washington (APP) 5 - Johnson City 7
BOTTOM OF THE 8TH
Johnson City Cardinals batting - Pitching for Washington (APP) Nationals : LHP Mike Montgomery
Pitching: RHP Brian Walker
Batting: RHB Herbert Loveless 0-0: Called Strike
0-1: Ball
1-1: Foul Ball, location: 2F
1-2: Ball
2-2: Fly out, F8 (Flyball, 8RD, EV 101.9 MPH)
Batting: RHB Richard Riggs 0-0: Ball
1-0: Ball
2-0: Called Strike
2-1: Ground out 3-1 (Groundball, 34, EV 85.6 MPH)
Batting: SHB Hank Arias 0-0: Called Strike
0-1: Foul Ball, location: 2F
0-2: Foul Ball, location: 2F
0-2: Fly out, F8 (Flyball, 89S, EV 81.9 MPH)
Bottom of the 8th over - 0 runs, 0 hits, 0 errors, 0 left on base; Washington (APP) 5 - Johnson City 7
TOP OF THE 9TH
Washington (APP) Nationals batting - Pitching for Johnson City Cardinals : LHP Kevin Turner
Pitching: RHP Austin Akers
Batting: RHB John Savard 0-0: SINGLE (Groundball, 34D, EV 98.1 MPH)
Batting: RHB Steve Bauman 0-0: Fielders Choice at 2nd, 5-4 (Groundball, 5L, EV 85.6 MPH)
Batting: RHB Jared Speck 0-0: Called Strike
0-1: Ball
1-1: Foul Ball, location: 2F
1-2: Ball
2-2: Ball
3-2: Foul Ball, location: 2F
3-2: Fielders Choice at 2nd, 5-4 (Groundball, 5S, EV 82.5 MPH)
Pinch Hitting: LHB Nate Melendez 0-0: Ball
1-0: SINGLE (Groundball, 4D, EV 103.1 MPH)
Jared Speck to second
Batting: RHB Kevin Whitenack 0-0: Ball
1-0: Ball
2-0: 3-RUN HOME RUN (Flyball, 7LD, EV 90.6 MPH), Distance : 346 ft
Batting: RHB Jon Buscher 0-0: Ball
1-0: Foul Ball, location: 2F
1-1: Reached on error, E6 (Groundball, 6, EV 84.4 MPH)
Batting: RHB Naofumi Ishida 0-0: Ground out 1-3 (Groundball, P, EV 73.1 MPH)
Top of the 9th over - 3 runs, 3 hits, 1 error, 1 left on base; Washington (APP) 8 - Johnson City 7
BOTTOM OF THE 9TH
Johnson City Cardinals batting - Pitching for Washington (APP) Nationals : RHP Brian Walker
Pitching: RHP Jason Beck
Now in LF: Jared Speck
Now in CF: John Savard
Now in RF: Nate Melendez
Batting: RHB Josh Broome 0-0: Ball
1-0: Called Strike
1-1: Ball
2-1: Foul Ball, location: 2F
2-2: Foul Ball, location: 2F
2-2: Ground out 6-3 (Groundball, 56, EV 83.1 MPH)
Batting: RHB Mike Zimmerly 0-0: Ball
1-0: Called Strike
1-1: Ball
2-1: Ball
3-1: Foul Ball, location: 2F
3-2: Base on Balls
Pinch Hitting: LHB Jarrod Clark 0-0: Ball
1-0: Ball
Pickoff Throw by Catcher to First - Out!
2-0: Called Strike
2-1: Ball
3-1: Base on Balls
Batting: RHB Immel Kamuzu 0-0: Called Strike
0-1: Ball
1-1: Ball
2-1: Foul Ball, location: 2F
2-2: Strikes out swinging
Bottom of the 9th over - 0 runs, 0 hits, 0 errors, 1 left on base; Washington (APP) 8 - Johnson City 7
Thursday, March 31st , 2022 - OOTP Baseball 22.12 Build 89